 Dungeon Crawl Stone Soup version 0.22-a0-348-gd16d139 (webtiles) character file.

16 BaronVonScrub the Magician (level 2, 0/19 HPs)
             Began as a Demonspawn Wizard on Apr 7, 2018.
             Succumbed to an adder's poison
             ... on level 2 of the Dungeon.
             The game lasted 00:13:29 (1726 turns).

BaronVonScrub the Magician (Demonspawn Wizard)      Turns: 1726, Time: 00:13:29

Health: 0/19       AC:  2    Str:  7    XL:     2   Next: 41%
Magic:  3/6        EV: 12    Int: 19    God:
Gold:   41         SH:  0    Dex: 11    Spells: 2/7 levels left

rFire    x . .     SeeInvis .   h - +0 whip
rCold    + . .     Gourm    .   (no shield)
rNeg     . . .     Faith    .   i - +0 robe (curse)
rPois    .         Spirit   .   b - +0 hat
rElec    .         Reflect  .   (no cloak)
rCorr    .         Harm     .   (no gloves)
MR       .....                  (no boots)
Stlth    +.........             k - amulet of rage
HPRegen  0.06/turn              f - ring of ice
MPRegen  0.10/turn              (no ring)

@: lethally poisoned (0 -> -6)
A: hooves 1
a: Evoke Berserk Rage


You were on level 2 of the Dungeon.
You were not hungry.

You visited 1 branch of the dungeon, and saw 2 of its levels.

You collected 41 gold pieces.

Inventory:

Hand Weapons
 h - a +0 whip (weapon)
 j - a +0 hunting sling
Missiles
 c - 95 stones (quivered)
Armour
 a - a +0 robe
 b - a +0 hat (worn)
 i - a cursed +0 robe (worn)
Jewellery
 f - a ring of ice (left hand)
 k - an amulet of rage (around neck)
Scrolls
 d - a scroll of amnesia {unknown}
 e - a scroll of identify {unknown}
 l - 2 scrolls of enchant armour {unknown}
 m - a scroll of fear {unknown}
Potions
 g - 2 potions of curing {unknown}
Comestibles
 n - a ration


   Skills:
 + Level 1.8 Dodging
 + Level 1.7 Stealth
 + Level 1.0 Unarmed Combat
 + Level 3.4 Spellcasting
 + Level 1.0 Conjurations
 + Level 1.0 Summonings
 + Level 0.8 Translocations


You had 2 spell levels left.
You knew the following spells:

 Your Spells              Type           Power        Failure   Level  Hunger
a - Magic Dart            Conj           #...         10%         1    None
b - Call Imp              Summ           #.......     14%         2    ##.....
c - Blink                 Tloc           N/A          16%         2    ##.....


Dungeon Overview and Level Annotations

Branches:
Dungeon (2/15)

Altars:


Innate Abilities, Weirdness & Mutations

You have large cloven feet.


Message History

The adder poisons you!
You closely miss the adder. You kick the adder.
The adder is heavily wounded.
You feel sick. The adder closely misses you. x2
The adder bites you. The goblin closely misses you.
You feel sick.
* * * LOW HITPOINT WARNING * * *
You feel sick. The adder bites you.
* * * LOW HITPOINT WARNING * * *
You see here a leather armour.
* * * LOW HITPOINT WARNING * * *
You feel sick.
Okay, then.
Okay, then.
Adjust (i)tems, (s)pells, or (a)bilities?
Okay, then.
The adder bites you.
* * * LOW HITPOINT WARNING * * *
You fail to use your ability.
You die...

.... . #..###. #...
.#..... . #... .#....
.# #... .... ... #...
####.. .. #...
##.##.###.#.#.
#%..####@#.#........#
#.....Sg.....#
#.........##.<#
##.####...#.#.# #..
......##.# ..#
#.#....##.# ...
........##.# ...
####.......# ##
###)#####


You could see an adder and a goblin.

Vanquished Creatures
  A dart slug (D:1)
  A giant cockroach (D:2)
  4 goblins (D:1)
  A hobgoblin (D:1)
  3 kobolds
  3 bats (D:1)
  A frilled lizard (D:1)
  A rat (D:1)
15 creatures vanquished.

Notes
Turn   | Place    | Note
-------+----------+-------------------------------------------
     0 | D:1      | BaronVonScrub the Demonspawn Wizard began the quest for the Orb.
     0 | D:1      | Reached XP level 1. HP: 13/13 MP: 4/4
   706 | D:1      | Reached skill level 1 in Unarmed Combat
   988 | D:1      | Gained mutation: You have large cloven feet. [demonic ancestry]
   988 | D:1      | Reached XP level 2. HP: 8/19 MP: 4/6
  1246 | D:1      | Learned a level 2 spell: Call Imp
  1249 | D:1      | Learned a level 2 spell: Blink
  1726 | D:2      | Succumbed to an adder's poison

Vault maps used:
D:1:      matt_arrival_refuge
D:2:      nicolae_overflow_crystal_walls, first_ration, minmay_misc_feat_rows

Skill      XL: |  1 |
---------------+----+-----
Unarmed Combat | 1 |  1.0
Dodging        | |  1.8
Stealth        | |  1.7
Spellcasting   | |  3.4
Conjurations   | |  1.0
Summonings     | |  1.0
Translocations | |  0.8

Action                   || total
-------------------------++-------
Melee: Unarmed           ||    22
       Whip              ||    28
       Kick              ||     5
Throw: Stone             ||    12
 Cast: Magic Dart        ||    17
  Eat: Ration            ||     1
Armor: Robe              ||    13
Dodge: Dodged            ||    27

Table legend:
 A = Spawn XP
 B = Non-spawn XP
 C = Spawn XP percentage of total XP
 D = Spawn monster count
 E = Non-spawn monster count
 F = Spawn count percentage of total count
 G = Total turns spent on level
                    A         B        C        D         E        F      G
               +---------+---------+-------+---------+---------+-------+---------
         Total |       0 |      24 |   0.0 |       0 |      15 |   0.0 |  1726
               +---------+---------+-------+---------+---------+-------+---------
           D:1 |       0 |      21 |   0.0 |       0 |      13 |   0.0 |  1643
           D:2 |       0 |       3 |   0.0 |       0 |       2 |   0.0 |    83
               +---------+---------+-------+---------+---------+-------+---------
